 Dungeon Crawl Stone Soup version 0.16.2-2-g470672f (webtiles) character file.

68069 poirepourri the Fighter (level 14, -1/130 HPs)
             Began as a Deep Dwarf Berserker on Aug 26, 2015.
             Was a Follower of Trog.
             Blown up by a cacodemon (19 damage)
             ... with a bolt of energy
             ... summoned by a giant orange brain
             ... on level 2 of the Abyss on Aug 27, 2015.
             The game lasted 01:31:54 (23899 turns).

poirepourri the Fighter (Deep Dwarf Berserker)     Turns: 23899, Time: 01:31:56

Health: -1/130     AC: 24    Str: 25    XL:     14   Next: 85%
Magic:  7/7        EV: 17    Int:  8    God:    Trog [*.....]
Gold:   957        SH:  0    Dex: 13    Spells: 0 memorised, 13 levels left

rFire  + + .     SeeInvis .     a - +3 war axe (elec)
rCold  x . .     Clarity  .     H - +4 scale mail {rF+}
rNeg   + . .     SustAb   +     (no shield)
rPois  .         Gourm    .     e - +2 helmet
rElec  .         Spirit   .     p - +1 cloak
rCorr  .         Warding  .     E - +1 pair of gloves
rMut   .         Stasis   .     P - +1 pair of boots
MR     ++...                    (no amulet)
Stlth  +.........               q - ring of sustain abilities
                                A - ring of fire

@: lethally poisoned (-1 -> -9), exhausted, about to teleport, afraid, weakened,
non-regenerating, slowed, very slow, very resistant to hostile enchantments,
very unstealthy
A: damage resistance, recharge devices, frail 1, negative energy resistance 1,
sense surroundings 2, slow healing 3
a: Device Recharging, Burn Spellbooks, Berserk, Renounce Religion


You were on level 2 of the Abyss.
You worshipped Trog.
Trog was aware of your devotion.
You were not hungry.

You visited 3 branches of the dungeon, and saw 20 of its levels.
You visited the Abyss 1 time.

You collected 1480 gold pieces.
You spent 352 gold pieces at shops.

Inventory:

Hand weapons
 a - a +3 war axe of electrocution (weapon)
 b - a +4 triple crossbow of evasion
 y - a +1 hand axe
 J - a +2 hand axe
Missiles
 Z - 13 bolts of flame
Armour
 e - a +2 helmet (worn)
 f - a +1 scale mail
 p - a +1 cloak (worn)
 v - the +2 plate armour "Pegoc" {rElec rF- MP+9 Stlth+, unknown}
   (You acquired it on level 2 of the Abyss)

   It makes you vulnerable to fire.
   It insulates you from electricity.
   It affects your magic capacity (+9).
   It makes you more stealthy.
 z - a +0 animal skin
 E - a +1 pair of gloves (worn)
 H - a +4 scale mail of fire resistance (worn)
 P - a +1 pair of boots (worn)
Rods
 O - a -2 rod of clouds (12/12)
   (You found it on level 1 of the Lair of Beasts)
Jewellery
 h - an uncursed ring of teleportation
 k - an uncursed ring of wizardry
 q - a ring of sustain abilities (right hand)
 t - an uncursed ring of fire
 u - an uncursed ring of ice
 A - a ring of fire (left hand)
Magical devices
 c - a wand of heal wounds (2)
 d - a wand of digging (4)
 i - a wand of digging (4)
 j - a wand of enslavement (14)
 s - a wand of polymorph (8)
 x - a wand of paralysis (19)
 D - a wand of confusion (16)
 K - a wand of enslavement (2)
 M - a wand of frost (17)
 R - a wand of cold (6)
 S - a wand of flame (16)
 U - a wand of lightning (5)
 W - a wand of cold (8)
Scrolls
 m - 4 scrolls of teleportation
 X - a scroll of identify
 Y - 3 scrolls of blinking
Potions
 g - 4 potions of invisibility
 l - 2 potions of cancellation
 n - a potion of flight
 o - 4 potions of restore abilities
 r - a potion of cure mutation
 w - 2 potions of lignification
Miscellaneous
 B - a lantern of shadows
 F - a plain deck of defence {the Blade}
 N - an ornate deck of wonders {the Helix, drawn: 1}
 Q - a phial of floods
Comestibles
 G - a bread ration
 L - 3 slices of pizza
 T - 10 fruits


   Skills:
 * Level 14.9 Fighting
 + Level 14.2 Axes
 + Level 2.6 Crossbows
 + Level 11.6 Armour
 + Level 12.8 Dodging
 + Level 2.7 Stealth
 + Level 4.2 Evocations


You had 13 spell levels left.
You didn't know any spells.

Dungeon Overview and Level Annotations

Branches:
Dungeon (10/15)            Temple (0/1) D:4            Lair (8/8) D:8
  Swamp (2/5) Lair:5       Spider (0/5) Lair:6        Slime (0/6) Lair:7
    Orc: D:9-12

Altars:
Nemelex Xobeh
Okawaru
The Shining One

Shops:
D:6 !

Annotations:
D:10 Vidiiot's ghost, experienced TrCK
Swamp:2 Louise


Innate Abilities, Weirdness & Mutations

You are resistant to damage.
You can recharge devices by infusing magical energy.
You resist negative energy.
You passively map the area around you.
You do not heal naturally.
You are frail (-10% HP).


Message History

The ufetubus hits you but does no damage. x2
The sixfirhy hits you but does no damage.
The orange demon stings you but does no damage.
The storm dragon skeleton bites you but does no damage.
The storm dragon skeleton claws you.
The storm dragon skeleton closely misses you.
The cacodemon hits you but does no damage. x2
The ufetubus closely misses you. x2
The orange demon stings you from afar.
* * * LOW HITPOINT WARNING * * *
Zapping:
c - a wand of heal wounds (3)
Press: ? - help, Shift-Dir - straight line, f - you You feel much better.
This wand has 2 charges left.
You feel very sick. The ufetubus misses you. x2
The storm dragon skeleton closely misses you.
The storm dragon skeleton misses you. x2
The cacodemon gestures at you. The bolt of energy hits you!
You die...

.. # .###.. #
#.#..##... #
#.#..##.# .
#...... ..# #
#..#G##...
#.##G5#.#.....
#.#
##.#Z45.3#... #
...#..@#45...#
# ...
.##.52#........
...
.#...##.4.... .
..#
....*...#..#.#
. . #
#..#..#..##..##
ยง . . # ...#..
#..# #.. .
.#..##..##.(#.#
. . # .. ..##
..w.#.##
...w..# ## .


You could see a cacodemon, an eye of devastation, a giant orange brain, 2 orange
demons, a ynoxinul, 3 ufetubi and a storm dragon skeleton.

Vanquished Creatures
  2 tentacled starspawn (Abyss:2)
  A thorn hunter (Swamp:2)
  Maud (Lair:4)
  6 hydras
  Fannar (Lair:2)
  3 catoblepae
  A death yak (Lair:6)
  2 alligators (Swamp:1)
  A vampire mage (Abyss:2)
  A fire crab (Lair:7)
  A swamp dragon (Swamp:1)
  2 spectral wolf spiders (Abyss:2)
  A phantasmal warrior (Abyss:2)
  9 black mambas
  16 elephants
  A sixfirhy (Abyss:2)
  The ghost of raikaria the Skirmisher, an experienced DrVM (D:4)
  A smoke demon (Abyss:2)
  A naga mage (Lair:4)
  25 spiny frogs
  5 komodo dragons
  3 fire drakes
  An ancient zyme (Abyss:2)
  6 giant leeches
  A polar bear (Lair:4)
  5 raiju (Abyss:2)
  2 ravens (Swamp:1)
  30 blink frogs
  15 slime creatures
  A vampire (Abyss:2)
  A basilisk (Lair:4)
  A spriggan (Swamp:1)
  2 wyverns
  30 yaks
  Eustachio (D:9)
  8 vampire mosquitoes
  2 neqoxecs (Abyss:2)
  A hungry ghost (Abyss:2)
  10 insubstantial wisps (Swamp:1)
  Edmund (D:9)
  14 hippogriffs
  Menkaure (D:7)
  4 wolves (Lair:4)
  7 swamp worms (Swamp:1)
  3 large abominations (Abyss:2)
  15 water moccasins
  7 porcupines
  The ghost of raikaria the Digger, an average GrEE (D:3)
  A wasp (Swamp:1)
  A phantom (D:7)
  6 ice beasts
  6 ogres
  2 sky beasts
  3 swamp drakes (Swamp:1)
  An orc warrior (D:9)
  5 centaurs
  2 boring beetles
  Duvessa (D:9)
  35 giant frogs
  9 crocodiles
  A big kobold (D:9)
  2 gnoll sergeants
  A wyvern zombie (D:9)
  3 scorpions
  4 killer bees (D:9)
  5 wights
  3 goliath beetles
  3 centaur zombies
  Dowan (D:9)
  7 hounds
  3 crimson imps
  7 electric eels
  4 jellies
  2 giant frog skeletons
  An iron imp (Abyss:2)
  An orc priest (D:4)
  3 centaur skeletons
  2 iguanas (Lair:2)
  An orc wizard (D:5)
  3 small abominations (Abyss:2)
  7 worker ants
  4 sheep (Lair:8)
  Ijyb (D:2)
  2 worker ant zombies
  31 adders
  10 gnolls
  82 river rats
  3 shadow imps
  A worm (D:2)
  An ufetubus (Abyss:2)
  An adder zombie (D:6)
  3 giant geckos
  An ooze (D:2)
  14 orcs
  A ball python (D:4)
  10 bats
  A bat skeleton (D:5)
  4 giant cockroaches
  14 goblins
  11 hobgoblins
  10 quokkas
  A giant gecko skeleton (D:5)
  6 giant newts
  17 jackals
  13 kobolds
  A quokka skeleton (D:4)
  11 rats
  11 fungi
  24 plants
  4 starspawn tentacles (Abyss:2)
684 creatures vanquished.

Vanquished Creatures (collateral kills)
  3 hydras
  A komodo dragon (Lair:7)
  A large abomination (Abyss:2)
  2 blink frogs (Lair:4)
  A raiju (Abyss:2)
  A small abomination (Abyss:2)
  A giant frog (Lair:6)
  A river rat (Lair:7)
11 creatures vanquished.

Vanquished Creatures (others)
  A thrashing horror (Abyss:2)
  A slime creature (Swamp:1)
  2 hell hounds (Abyss:2)
  A small abomination (Abyss:2)
  An ogre (D:9)
  An orc (D:4)
  26 fungi
  21 plants
  7 starspawn tentacles (Abyss:2)
  142 starspawn tentacle segments (Abyss:2)
203 creatures vanquished.

Grand Total: 898 creatures vanquished

Notes
Turn   | Place    | Note
--------------------------------------------------------------
     0 | D:1      | poirepourri, the Deep Dwarf Berserker, began the quest for the Orb.
     0 | D:1      | Reached XP level 1. HP: 20/20 MP: 1/1
   262 | D:1      | Reached XP level 2. HP: 18/27 MP: 2/2
   473 | D:1      | Acquired Trog's second power
   875 | D:2      | Reached XP level 3. HP: 32/34 MP: 3/3
   932 | D:2      | Noticed Ijyb
   972 | D:2      | Killed Ijyb
   972 | D:2      | Reached XP level 4. HP: 37/42 MP: 4/4
   990 | D:2      | Reached skill level 4 in Axes
  1610 | D:3      | Reached XP level 5. HP: 35/50 MP: 5/5
  1641 | D:3      | Noticed raikaria's ghost (average GrEE)
  1689 | D:3      | Noticed a sky beast
  1707 | D:3      | Killed a sky beast
  1850 | D:3      | Killed raikaria's ghost
  1850 | D:3      | Reached skill level 5 in Axes
  1850 | D:3      | Reached XP level 6. HP: 57/57 MP: 6/6
  2516 | D:4      | Reached skill level 1 in Stealth
  2652 | D:4      | Noticed raikaria's ghost (experienced DrVM)
  2674 | D:4      | Killed raikaria's ghost
  2674 | D:4      | Reached skill level 5 in Fighting
  2674 | D:4      | Reached skill level 1 in Evocations
  2674 | D:4      | Reached XP level 7. HP: 38/67 MP: 6/8
  2769 | D:4      | Reached skill level 5 in Armour
  2961 | D:4      | Found a staircase to the Ecumenical Temple.
  3202 | D:4      | Reached skill level 6 in Axes
  3204 | D:4      | Reached XP level 8. HP: 67/75 MP: 10/10
  3780 | D:5      | Entered Level 5 of the Dungeon
  4030 | D:5      | Got a steaming ring mail
  4041 | D:5      | Identified the cursed -2 ring mail of Absence {rCorr} (You found it on level 5 of the Dungeon)
  4160 | D:5      | Reached skill level 5 in Dodging
  4290 | D:5      | Found a glowing golden altar of the Shining One.
  5413 | D:6      | Reached skill level 7 in Axes
  5672 | D:6      | Found Rakiagat's Distillery.
  5699 | D:6      | Bought a potion of heal wounds for 55 gold pieces
  5699 | D:6      | Bought a potion of might for 44 gold pieces
  5699 | D:6      | Bought a potion of heal wounds for 55 gold pieces
  5699 | D:6      | Bought a potion of invisibility for 88 gold pieces
  5699 | D:6      | Bought a potion of agility for 44 gold pieces
  5699 | D:6      | Bought 2 potions of curing for 66 gold pieces
  5882 | D:7      | Gained mutation: You passively map the area around you. [level up]
  5882 | D:7      | Reached XP level 9. HP: 85/85 MP: 11/11
  5963 | D:7      | Noticed Menkaure
  5983 | D:7      | Killed Menkaure
  6063 | D:7      | Found an iron altar of Okawaru.
  6186 | D:7      | Found a sparkling altar of Nemelex Xobeh.
  6917 | D:8      | Reached skill level 8 in Axes
  7422 | D:8      | Found a staircase to the Lair.
  7459 | D:8      | Acquired Trog's third power
  7491 | D:8      | Reached XP level 10. HP: 82/98 MP: 12/12
  7534 | D:8      | Gained mutation: Your spells are a little easier to cast, but a little less powerful. [mutagenic meat]
  7535 | D:8      | Gained mutation: You have difficulty communicating with the divine. [mutagenic meat]
  7536 | D:8      | Lost mutation: You have difficulty communicating with the divine. [potion of cure mutation]
  7536 | D:8      | Lost mutation: Your spells are a little easier to cast, but a little less powerful. [potion of cure mutation]
  7553 | D:8      | Identified a scroll of acquirement
  7921 | D:9      | Noticed Edmund
  7953 | D:9      | Killed Edmund
  8180 | D:9      | Noticed Dowan
  8181 | D:9      | Noticed Duvessa
  8182 | D:9      | Killed Dowan
  8183 | D:9      | Noticed Eustachio
  8184 | D:9      | Killed Duvessa
  8186 | D:9      | Killed Eustachio
  8405 | D:10     | Entered Level 10 of the Dungeon
  8405 | D:10     | Noticed Vidiiot's ghost (experienced TrCK)
  8639 | Lair:1   | Entered Level 1 of the Lair of Beasts
  8938 | Lair:1   | Reached skill level 9 in Axes
  8950 | Lair:1   | Reached skill level 1 in Crossbows
  9893 | Lair:1   | Identified a -2 rod of clouds (12/12) (You found it on level 1 of the Lair of Beasts)
  9904 | Lair:2   | Noticed Fannar
  9912 | Lair:2   | Noticed a black mamba
  9935 | Lair:1   | Killed a black mamba
 10198 | Lair:2   | Reached XP level 11. HP: 67/106 MP: 13/13
 10878 | Lair:2   | Killed Fannar
 10878 | Lair:2   | Reached skill level 10 in Fighting
 11127 | Lair:2   | Reached skill level 10 in Axes
 11918 | Lair:3   | Got a translucent helmet
 11929 | Lair:3   | Identified the cursed -5 helmet "Quqiag" {rF+} (You found it on level 3 of the Lair of Beasts)
 12682 | Lair:4   | Noticed Maud
 12703 | Lair:4   | Killed Maud
 12703 | Lair:4   | Reached XP level 12. HP: 91/118 MP: 14/14
 12758 | Lair:4   | Reached skill level 11 in Fighting
 12758 | Lair:4   | Reached skill level 10 in Dodging
 12795 | Lair:4   | Found a labyrinth entrance.
 12833 | Lair:4   | Noticed a catoblepas
 12860 | Lair:4   | Killed a catoblepas
 13040 | Lair:4   | Hired Fis Edojoe the naga for 171 gold.
 14536 | Lair:5   | Reached skill level 10 in Armour
 14664 | Lair:5   | Found a staircase to the Swamp.
 15300 | Lair:5   | Reached skill level 12 in Fighting
 15872 | Lair:6   | Noticed a four-headed hydra
 15880 | Lair:6   | Killed a six-headed hydra
 15944 | Lair:6   | Noticed a catoblepas
 15992 | Lair:6   | Killed a catoblepas
 16229 | Lair:6   | Reached XP level 13. HP: 120/130 MP: 14/14
 16292 | Lair:6   | Found a hole to the Spider Nest.
 18083 | Lair:7   | Found a staircase to the Slime Pits.
 18492 | Lair:7   | Reached skill level 13 in Fighting
 18951 | Lair:7   | Received a gift from Trog
 19256 | Lair:8   | Entered Level 8 of the Lair of Beasts
 20048 | Lair:8   | Gained mutation: You resist negative energy. [level up]
 20048 | Lair:8   | Reached XP level 14. HP: 44/142 MP: 15/15
 20813 | Lair:8   | Reached skill level 14 in Fighting
 20870 | Lair:8   | Received a gift from Trog
 21193 | Swamp:1  | Entered Level 1 of the Swamp
 22661 | Swamp:1  | You fall through a shaft!
 22661 | Swamp:2  | Noticed a thorn hunter
 22684 | Swamp:2  | Killed a thorn hunter
 23480 | Swamp:2  | Noticed Louise
 23480 | Swamp:2  | Cast into the Abyss (Louise)
 23701 | Abyss:2  | Got a polished plate armour
 23800 | Abyss:2  | Found a corrupted altar of Lugonu.
 23856 | Abyss:2  | Noticed a tentacled starspawn
 23859 | Abyss:2  | Noticed a cacodemon
 23874 | Abyss:2  | Noticed a tentacled starspawn
 23884 | Abyss:2  | HP: 5/217 [tentacled starspawn (14)]
 23886 | Abyss:2  | Killed a tentacled starspawn
 23886 | Abyss:2  | Gained mutation: You are frail (-10% HP). [a cacodemon]
 23893 | Abyss:2  | Killed a tentacled starspawn
 23898 | Abyss:2  | HP: 2/130 [orange demon[a giant orange brain] (5)]
 23899 | Abyss:2  | Blown up by a cacodemon

Action                   |  1- 3 |  4- 6 |  7- 9 | 10-12 | 13-15 || total
-------------------------+-------+-------+-------+-------+-------++-------
Melee: Hand axe          |   113 |   176 |   748 |   126 |       ||  1163
       War axe           |       |       |       |   782 |   890 ||  1672
       Unarmed           |       |       |       |     1 |       ||     1
 Fire: Triple crossbow   |       |       |       |    26 |     9 ||    35
Invok: Trog's Hand       |       |     7 |    23 |    48 |    83 ||   161
       Berserk           |       |     4 |     9 |     7 |    10 ||    30
       Burn Spellbooks   |       |       |       |     2 |     3 ||     5
       Brothers in Arms  |       |       |       |     1 |     2 ||     3
 Abil: Device Recharging |       |       |     2 |     2 |    10 ||    14
Evoke: Wand              |     1 |     7 |     6 |    10 |    47 ||    71
       Phial of floods   |       |       |       |     1 |       ||     1
       Deck              |       |       |       |     1 |       ||     1
  Use: Potion            |     4 |     2 |     4 |    11 |    11 ||    32
       Scroll            |     3 |     5 |    14 |    18 |    25 ||    65
 Stab: Petrifying        |       |       |       |     1 |       ||     1
  Eat: Meat ration       |       |     1 |     2 |     4 |     5 ||    12
       Beef jerky        |       |     1 |     3 |       |       ||     4
       Bread ration      |       |     1 |     3 |     4 |     2 ||    10
       Chunk             |       |       |     1 |     3 |       ||     4
       Pizza             |       |       |     1 |     2 |     6 ||     9
       Fruit             |       |       |     1 |     3 |     3 ||     7
       Royal jelly       |       |       |       |     1 |       ||     1
